 Dungeon Crawl Stone Soup version 0.17-a0-1954-g0dddeaa (webtiles) character file.

597 truemonolith the Thaumaturge (level 7, -2/36 HPs)
             Began as a Deep Elf Conjurer on Oct 4, 2015.
             Slain by a sky beast (4 damage)
             ... on level 4 of the Dungeon.
             The game lasted 00:11:06 (5538 turns).

truemonolith the Thaumaturge (Deep Elf Conjurer)    Turns: 5538, Time: 00:11:06

Health: -2/36      AC:  2    Str:  5    XL:     7   Next: 17%
Magic:  20/20      EV: 14    Int: 22    God:
Gold:   110        SH:  0    Dex: 15    Spells: 4 memorised, 9 levels left

rFire  . . .     SeeInvis .     a - +2 short sword (holy)
rCold  . . .     Clarity  .     k - +0 robe
rNeg   . . .     SustAt   .     (no shield)
rPois  .         Gourm    .     (no helmet)
rElec  .         Spirit   .     (no cloak)
rCorr  .         Warding  .     (no gloves)
rMut   .         Stasis   .     (no boots)
MR     .....                    (no amulet)
Stlth  ++........               (no ring)
                                e - +1 ring of evasion

@: not resistant to hostile enchantments, unstealthy
A: no striking features
a: no special abilities


You were on level 4 of the Dungeon.
You were not hungry.

You visited 1 branch of the dungeon, and saw 5 of its levels.

You collected 110 gold pieces.

Inventory:

Hand weapons
 a - a +2 short sword of holy wrath (weapon)
 r - a +4 mace
Armour
 k - a +0 robe (worn)
Jewellery
 e - a +1 ring of evasion (left hand)
 n - an uncursed ring of protection from cold
Magical devices
 v - a wand of magic darts (22)
Scrolls
 d - a scroll of enchant weapon
 l - a scroll of identify
 m - 2 scrolls of remove curse
 s - a scroll of fog {unknown}
Potions
 f - a potion of might {unknown}
 h - a potion of lignification {unknown}
 i - a potion of mutation {unknown}
 j - 2 potions of magic {unknown}
 o - a potion of resistance {unknown}
 t - a potion of brilliance {unknown}
 u - a potion of haste {unknown}
Books
 b - a book of Conjurations

   Spells                             Type                      Level
   a - Magic Dart                     Conjuration                  1
   b - Searing Ray                    Conjuration                  2
   c - Dazzling Spray                 Conjuration/Hexes            3
   d - Fulminant Prism                Conjuration/Hexes            4
   e - Iskenderun's Mystic Blast      Conjuration                  4
   f - Iskenderun's Battlesphere      Conjuration/Charms           5
Comestibles
 p - 2 meat rations
 q - 2 beef jerkies


   Skills:
 - Level 2.4 Dodging
 - Level 2.4 Stealth
 - Level 8.4 Spellcasting
 + Level 6.9 Conjurations


You had 9 spell levels left.
You knew the following spells:

 Your Spells              Type           Power        Failure   Level  Hunger
a - Magic Dart            Conj           ####         1%          1    None
b - Dazzling Spray        Conj/Hex       ###.....     6%          3    None
c - Iskenderun's Battles  Conj/Chrm      ###.....     50%         5    #####..
d - Iskenderun's Mystic   Conj           #####...     4%          4    ###....


Dungeon Overview and Level Annotations

Branches:
Dungeon (5/15)
 Temple: D:4-7

Altars:
Nemelex Xobeh
Sif Muna
The Shining One


Message History

Something hits you. Something shocks you.
* * * LOW HITPOINT WARNING * * *
You miss something. Something hits you.
* * * LOW HITPOINT WARNING * * *
Something shocks you.
* * * LOW HITPOINT WARNING * * *
Read which item? (? for menu, Esc to quit)
Okay, then.
Drink which item? (? for menu, Esc to quit)
You feel better. Something hits you.
* * * LOW HITPOINT WARNING * * *
Something shocks you.
* * * LOW HITPOINT WARNING * * *
Casting: Dazzling Spray
Confirm with . or Enter, or press ? or * to list all spells.
You can't see any susceptible monsters within range! (Use Z to cast anyway.)
You barely miss something. Something barely misses you.
Something hits you but does no damage.
You hit something. Something hits you.
You die...

################.#
#.# ##'## #...#
#>..# #...# #.[.#
#...#
###############.@{##
..............+...>#
#.....#########....#
######
#.....#########....#
#....######
+.....†......##....#
#.##.##...#
#.....######.##....#
#.##..#.#.# #.....#
#.##....#
#.###.#.#.#
############.#####.#
#.# #..<#.#
#..........# #.# #.#
###.#.#


There were no monsters in sight!

Vanquished Creatures
  An ogre (D:4)
  A centaur (D:5)
  Blork the orc (D:4)
  An orc priest (D:4)
  2 hounds
  2 worker ants (D:5)
  Natasha (thrice) (D:3)
  A worker ant zombie (D:5)
  4 adders
  5 gnolls
  An ooze (D:3)
  2 worms (D:2)
  2 giant geckos (D:2)
  12 orcs
  2 ball pythons (D:4)
  10 bats
  3 goblins
  7 hobgoblins
  6 jackals
  8 kobolds
  4 quokkas
  3 giant cockroaches
  2 giant newts
  7 rats
90 creatures vanquished.

Notes
Turn   | Place    | Note
--------------------------------------------------------------
     0 | D:1      | truemonolith the Deep Elf Conjurer began the quest for the Orb.
     0 | D:1      | Reached XP level 1. HP: 10/10 MP: 6/6
    99 | D:1      | Reached XP level 2. HP: 15/15 MP: 3/9
  1075 | D:2      | Reached skill level 5 in Spellcasting
  1075 | D:2      | Reached XP level 3. HP: 19/19 MP: 4/11
  1161 | D:2      | Learned a level 3 spell: Dazzling Spray
  2037 | D:2      | Reached XP level 4. HP: 24/24 MP: 11/13
  2233 | D:2      | Reached skill level 6 in Spellcasting
  2420 | D:3      | Noticed Natasha
  2954 | D:3      | Found a sparkling altar of Nemelex Xobeh.
  2972 | D:3      | Found a deep blue altar of Sif Muna.
  2974 | D:3      | Found a glowing golden altar of the Shining One.
  3068 | D:3      | Killed Natasha
  3068 | D:3      | Reached skill level 7 in Spellcasting
  3068 | D:3      | Reached XP level 5. HP: 22/28 MP: 5/16
  3122 | D:3      | Noticed Natasha
  3229 | D:3      | Killed Natasha
  3463 | D:3      | Noticed Natasha
  3465 | D:3      | Killed Natasha
  3695 | D:3      | Learned a level 5 spell: Iskenderun's Battlesphere
  3700 | D:3      | Learned a level 4 spell: Iskenderun's Mystic Blast
  3787 | D:4      | Reached skill level 8 in Spellcasting
  4122 | D:4      | Reached XP level 6. HP: 29/32 MP: 5/19
  4363 | D:4      | Noticed an ogre
  4370 | D:4      | Killed an ogre
  4370 | D:4      | Reached skill level 5 in Conjurations
  4904 | D:5      | Entered Level 5 of the Dungeon
  5056 | D:5      | Noticed Blork the orc
  5073 | D:4      | Killed Blork the orc
  5247 | D:5      | Reached XP level 7. HP: 34/36 MP: 10/20
  5534 | D:4      | HP: 1/36 [something (6)]
  5538 | D:4      | Slain by a sky beast

Vault maps used:
D:1:      dpeg_arrival_round_a
D:2:      first_bread
D:3:      grunt_temple_overflow_open, uniq_natasha
D:4:      portal_sewer_entry_b
D:5:      basic_altar, uniq_blork_the_orc, uniq_crazy_yiuf_cottage

Action                   |  1- 3 |  4- 6 |  7- 9 || total
-------------------------+-------+-------+-------++-------
Melee: Short sword       |       |     1 |     8 ||     9
 Cast: Magic Dart        |    69 |   126 |     7 ||   202
       Dazzling Spray    |       |    18 |     9 ||    27
  Use: Scroll            |     3 |     5 |       ||     8
       Potion            |       |     2 |     1 ||     3
  Eat: Chunk             |     2 |     1 |       ||     3
       Bread ration      |       |     3 |       ||     3
